 Dungeon Crawl Stone Soup version 0.29.1-4-g47bece8355 (webtiles) character file.

Game seed: 8599506934691500134

168 Gremour the Insei (level 5, 0/61 HPs)
             Began as a Draconian Transmuter on Dec 4, 2022.
             Killed from afar by an orc wizard (3 damage)
             ... with a magic dart
             ... on level 4 of the Dungeon.
             The game lasted 00:17:23 (3431 turns).

Gremour the Insei (Draconian Transmuter)            Turns: 3431, Time: 00:17:23

Health: 0/61       AC: 22    Str: 13    XL:     5   Next: 23%
Magic:  8/8        EV:  2    Int: 13    God:
Gold:   138        SH:  0    Dex: 13    Spells: 5/8 levels left

rFire   . . .      SeeInvis .     - Unarmed
rCold   . . .      Faith    .   (no shield)
rNeg    . . .      Spirit   .   (body armour unavailable)
rPois   +          Reflect  .   (helmet currently unavailable)
rElec   .          Harm     .   (cloak currently unavailable)
rCorr   .          Rampage  .   (gloves currently unavailable)
Will    .....      NoTele   +   (boots currently unavailable)
Stlth   +.........              (no amulet)
HPRegen 0.20/turn               (no ring)
MPRegen 0.11/turn               (no ring)

@: mighty, tree-form
A: stationary, stasis, torment immunity, boosted hp, AC +5, unfitting armour,
(cold-blooded)
a: no special abilities


You were on level 4 of the Dungeon.
You were a tree.
You visited 1 branch of the dungeon, and saw 4 of its levels.

You collected 151 gold pieces.
You spent 13 gold pieces at shops.

Inventory:

Hand Weapons
 h - a +0 long sword
Jewellery
 o - an amulet of faith
Scrolls
 c - a scroll of blinking {unknown}
 d - 3 scrolls of identify
 f - a scroll of immolation {unknown}
 g - 4 scrolls of teleportation
 k - a scroll of summoning {unknown}
 l - a scroll of noise {unknown}
Potions
 b - a potion of curing
 e - 2 potions of cancellation {unknown}
 i - a potion of might
 j - a potion of degeneration
 m - a potion of mutation {unknown}
 n - 2 potions of flight {unknown}


   Skills:
 * Level 2.0 Fighting
 * Level 2.2 Dodging
 - Level 0.2 Stealth
 - Level 5.3 Unarmed Combat
 + Level 2.2 Spellcasting
 + Level 2.1 Transmutations


You had 5 spell levels left.
You knew the following spells:

 Your Spells              Type           Power      Damage    Failure   Level
a - Beastly Appendage     Tmut           14%        N/A       11%         1
w - Wereblood             Tmut           7%         N/A       16%         2

Your spell library contained the following spells:

 Spells                   Type           Power      Damage    Failure   Level
 Passwall                 Tmut/Erth      3%         N/A       24%         2
 Summon Small Mammal      Summ           4%         N/A       26%         1
 Ensorcelled Hibernation  Hex/Ice        2%         N/A       36%         2
 Spider Form              Tmut/Pois      4%         N/A       43%         3
 Call Canine Familiar     Summ           1%         N/A       58%         3
 Inner Flame              Hex/Fire       1%         N/A       58%         3
 Summon Guardian Golem    Hex/Summ       1%         N/A       58%         3
 Swiftness                Air            1%         N/A       58%         3
 Ice Form                 Ice/Tmut       4%         N/A       85%         4
 Cause Fear               Hex            0%         N/A       94%         4
 Alistair's Intoxication  Tmut/Pois      2%         N/A       99%         5
 Borgnjor's Vile Clutch   Necr/Erth      0%         N/A       100%        5
 Eringya's Noxious Bog    Tmut/Pois      2%         N/A       100%        6
 Discord                  Hex            0%         N/A       100%        8


Dungeon Overview and Level Annotations

Branches:
Dungeon (4/15)
 Temple: D:4-7

Altars:
Hepliaklqana
Sif Muna
Trog

Shops:
D:1 (!([


Innate Abilities, Weirdness & Mutations

You are a tree.
Your roots penetrate the ground, keeping you stationary.
You cannot be teleported.
You are immune to unholy pain and torment.
Your maximum health is greatly increased.
Your equipment is partially melded.
((Your plain brown scales are hard. (AC +5)))
You cannot fit into any form of body armour.
((You are cold-blooded and may be slowed by cold attacks.))


Message History

The orc warrior attacks as you move away!
The orc warrior hits you with a +0 dire flail!
The orc closely misses you.
The orc warrior attacks as you move away!
The orc warrior hits you with a +0 dire flail.
* * * LOW HITPOINT WARNING * * *
Really quaff the potion of lignification?
You turn into a tree.
Your roots penetrate the ground.
The orc warrior hits you but does no damage.
The orc hits you but does no damage.
The orc wizard shouts!
You hit the orc warrior.
The orc warrior is lightly wounded.
The orc hits you but does no damage.
You closely miss the orc warrior.
The orc warrior is lightly wounded.
The orc warrior hits you with a +0 dire flail.
* * * LOW HITPOINT WARNING * * *
The orc hits you but does no damage.
You closely miss the orc warrior.
The orc warrior is lightly wounded.
The orc wizard gestures wildly while chanting.
The orc wizard flickers and vanishes!
Deactivating autopickup; reactivate with Ctrl-A.
The orc hits you but does no damage.
The orc warrior hits you with a +0 dire flail.
* * * LOW HITPOINT WARNING * * *
It was a potion of might.
You feel very mighty all of a sudden.
A puff of flame appears from out of thin air!
The puff of flame hits you.
* * * LOW HITPOINT WARNING * * *
The orc hits you with a +0 short sword.
* * * LOW HITPOINT WARNING * * *
The orc warrior hits you but does no damage.
You smack the orc warrior!
The orc warrior is heavily wounded.
A magic dart appears from out of thin air!
The magic dart hits you.
You die...

,#...o########...,#....'..#,,,,**
,#....#.....##...,#....#..+,>,,,,
,+....#.....##....###.#####...,,,
,#....#.....##....###.###,,...,,,
,#....#.....#...........#,....,,,
,#....'.....+...........#.....,**
*#....#.....##########'##.....,*
,#....#.....##..o.#......#******
,#....#....{.'..♣.'......#
,#....#......#.o..#......#
*#....#############......# ######
########


You could see an orc warrior and an orc.

Vanquished Creatures
  A scorpion (D:4)
  A jelly (D:4)
  An orc wizard (D:3)
  2 worms (D:3)
  A dart slug (D:2)
  3 orcs (D:3)
  7 ball pythons
  4 bats
  5 endoplasms
  A giant cockroach (D:3)
  3 goblins
  5 hobgoblins
  4 kobolds
  A quokka (D:3)
  4 frilled lizards
  4 rats
47 creatures vanquished.

Notes
Turn   | Place    | Note
-------+----------+-------------------------------------------
     0 | D:1      | Gremour the Draconian Transmuter began the quest for the
                  | Orb.
     0 | D:1      | Reached XP level 1. HP: 16/16 MP: 3/3
   212 | D:1      | Reached XP level 2. HP: 23/23 MP: 5/5
   282 | D:1      | Found Geiffiyr's Armour Boutique.
   508 | D:1      | Learned a level 2 spell: Wereblood
   617 | D:1      | Found Weasegh's Antique Weapon Shop.
   918 | D:1      | Found Nabbanau's Weapon Shop.
  1158 | D:1      | Found Ruravoets's Distillery.
  1163 | D:1      | Bought a potion of degeneration for 13 gold pieces
  1530 | D:2      | Reached XP level 3. HP: 8/28 MP: 6/6
  2001 | D:2      | Reached skill level 4 in Unarmed Combat
  2094 | D:3      | Found a faded altar of an unknown god.
  2126 | D:3      | Found a bloodstained altar of Trog.
  2301 | D:3      | Reached XP level 4. HP: 11/35 MP: 7/7
  2635 | D:3      | Found a hazy altar of Hepliaklqana.
  2806 | D:3      | Found a shimmering blue altar of Sif Muna.
  2865 | D:4      | Noticed a scorpion
  2895 | D:4      | Killed a scorpion
  2896 | D:4      | Reached skill level 5 in Unarmed Combat
  2896 | D:4      | Reached XP level 5. HP: 8/41 MP: 8/8
  3407 | D:4      | Noticed an orc warrior
  3430 | D:4      | HP: 2/61 [orc/+0 short sword (4)]
  3431 | D:4      | Killed from afar by an orc wizard

Illustrated notes

Levels and vault maps discovered:
D:1:      psy_arrival_basics, layout_basic, serial_shops,
          nicolae_shop_statue_plus, shop, shop, nicolae_shop_hallway_plus,
          hangedman_decor_slide_cut
D:2:      layout_rooms
D:3:      layout_rooms, nicolae_hepliaklqana_hippocampus, lemuel_round_altar,
          mainiacjoe_overflow_boulevard, ebering_ecumenical_altar_hall,
          minmay_pentomino_pile
D:4:      layout_gridville

Skill      XL: |  1  2  3  4  5 |
---------------+----------------+-----
Unarmed Combat | 4 5 |  5.3
Dodging        | 2 |  2.2
Fighting       | 2 |  2.0
Stealth        | |  0.2
Spellcasting   | |  2.2
Transmutations | |  2.1

Action                   |  1- 3 |  4- 6 || total
-------------------------+-------+-------++-------
Melee: Unarmed           |   147 |    55 ||   202
       Tailslap          |    18 |     8 ||    26
       Punch             |     2 |     2 ||     4
       Headbutt          |       |     3 ||     3
       Kick              |       |     1 ||     1
 Cast: Beastly Appendage |     1 |     3 ||     4
       Wereblood         |       |     1 ||     1
  Use: Potion            |       |     6 ||     6
       Scroll            |       |     3 ||     3
 Stab: Sleeping          |     1 |       ||     1
Armor: Skin              |    35 |    20 ||    55
Dodge: Dodged            |    73 |    26 ||    99
